 Dungeon Crawl Stone Soup version 0.26-a0-21-gf97e55dc39 (webtiles) character file.

Game seed: 2472910388609636231, levelgen mode: deterministic

131 Mrkan the Covered (level 4, 0/40 HPs)
             Began as a Minotaur Fighter on May 25, 2020.
             Slain by a killer bee (4 damage)
             ... on level 3 of the Dungeon.
             The game lasted 00:02:12 (2327 turns).

Mrkan the Covered (Minotaur Fighter)                Turns: 2327, Time: 00:02:12

Health: 0/40       AC:  9    Str: 21    XL:     4   Next: 91%
Magic:  3/3        EV:  6    Int:  6    God:
Gold:   147        SH:  9    Dex:  9    Spells: 3/3 levels left

rFire    . . .     SeeInvis .   a - +0 war axe
rCold    . . .     Gourm    .   c - +0 kite shield
rNeg     . . .     Faith    .   i - +0 chain mail
rPois    .         Spirit   .   (helmet restricted)
rElec    .         Reflect  .   (no cloak)
rCorr    .         Harm     .   (no gloves)
MR       .....                  (no boots)
Stlth    ..........             (no amulet)
HPRegen  0.13/turn              (no ring)
MPRegen  0.08/turn              (no ring)

@: lethally poisoned (0 -> -14)
A: retaliatory headbutt, horns 2
a: no special abilities


You were on level 3 of the Dungeon.
You were not hungry.

You visited 1 branch of the dungeon, and saw 3 of its levels.

You collected 147 gold pieces.

Inventory:

Hand Weapons
 a - a +0 war axe (weapon)
Armour
 c - a +0 kite shield (worn)
 i - a +0 chain mail (worn)
Jewellery
 m - an uncursed ring of poison resistance {unknown}
Wands
 h - a wand of flame (23)
 p - a wand of acid (5)
Scrolls
 b - 8 scrolls of identify {unknown}
 g - a scroll of enchant weapon {unknown}
 j - 2 scrolls of amnesia {unknown}
 l - 3 scrolls of teleportation {unknown}
 n - a scroll of magic mapping {unknown}
 o - 2 scrolls of remove curse {unknown}
 q - a scroll of noise {unknown}
 r - a scroll of fear {unknown}
Potions
 d - 2 potions of might
 e - a potion of invisibility {unknown}
 k - 2 potions of brilliance {unknown}
 s - 3 potions of heal wounds {unknown}
 u - 2 potions of lignification {unknown}
Comestibles
 f - 8 rations
 t - 3 chunks of flesh


   Skills:
 + Level 4.2 Fighting
 * Level 4.1 Axes
 + Level 4.3 Armour
 + Level 1.7 Dodging
 + Level 4.3 Shields


You had 3 spell levels left.
You didn't know any spells.
Your spell library contained the following spells:

 Spells                   Type           Power        Failure   Level  Hunger
 Beastly Appendage        Tmut           #.....       100%        1    ##.....
 Sticks to Snakes         Tmut           #.......     100%        2    ###....
 Spider Form              Tmut/Pois      #.........   100%        3    ####...
 Ice Form                 Ice/Tmut       #.......     100%        4    #####..
 Blade Hands              Tmut           #.........   100%        5    ######.


Dungeon Overview and Level Annotations

Branches:
Dungeon (3/15)

Altars:


Innate Abilities, Weirdness & Mutations

You reflexively headbutt those who attack you in melee.
You have a pair of horns on your head.


Message History

The killer bee stings you but does no damage. x2
The killer bee closely misses you.
Unknown command.
You barely miss the killer bee. Your headbutt misses the killer bee.
The killer bee is severely wounded.
You feel sick.
The killer bee stings you but does no damage.
The killer bee stings you.
You are lethally poisoned!
The killer bee poisons you! You block the killer bee's attack.
You barely miss the killer bee. You headbutt the killer bee.
The killer bee is severely wounded.
You feel sick. You block the killer bee's attack. The killer bee stings you!
* * * LOW HITPOINT WARNING * * *
Unknown command.
You miss the killer bee.
The killer bee is severely wounded.
* * * LOW HITPOINT WARNING * * *
You feel sick. The killer bee stings you.
You die...

#.###.....#####..............
#.##...##+#)?(#+##...........
#.#..### #...# ###....#.##.
#.#.##.# #...# #.##...# ...
#.#.'÷(# #?..# #..÷...#+##.
#.#.##.# #...# #.##......#.
#.#..### #...# ###.........
#.##...####)y†####.....#....#
#.##......##@##.............'
#.##........................#
#.##..........#.........#+###
#.##..........#..........<...
#.##..........#...(..#.......
#.##..........#......#.......
#.##..........#......#.......
#.##.####.##.##...####.......
#.##.#.......##...# #.......


You could see a killer bee.

Vanquished Creatures
  Ijyb (D:3)
  Terence (D:2)
  3 adders
  A dart slug (D:1)
  2 leopard geckos
  4 orcs (D:3)
  A giant cockroach (D:1)
  2 goblins
  5 hobgoblins
  3 quokkas
  2 ball pythons
  5 bats
  4 frilled lizards
  7 kobolds
  9 rats
50 creatures vanquished.

Notes
Turn   | Place    | Note
-------+----------+-------------------------------------------
     0 | D:1      | Mrkan the Minotaur Fighter began the quest for the Orb.
     0 | D:1      | Reached XP level 1. HP: 19/19 MP: 0/0
   159 | D:1      | Reached XP level 2. HP: 24/27 MP: 1/1
   883 | D:2      | Noticed Terence
   891 | D:2      | Killed Terence
   891 | D:2      | Reached skill level 1 in Dodging
   891 | D:2      | Reached XP level 3. HP: 29/33 MP: 2/2
  1194 | D:2      | Reached XP level 4. HP: 35/40 MP: 3/3
  1791 | D:3      | Noticed Ijyb
  1802 | D:3      | Killed Ijyb
  2085 | D:3      | Found a faded altar of an unknown god.
  2327 | D:3      | Slain by a killer bee

Illustrated notes

Levels and vault maps discovered:
D:1:      minmay_arrival_four_circles, layout_basic
D:2:      layout_loops_corners, minmay_ruptured, uniq_terence
D:3:      layout_basic, first_ration, chequers_ecumenical_altar_simple_redux,
          minmay_divided_ellipse, uniq_jessica, uniq_ijyb

Skill      XL: |  1  2  3  4 |
---------------+-------------+-----
Axes           | 3 4 |  4.1
Armour         | 4 |  4.3
Dodging        | 1 |  1.7
Shields        | 4 |  4.3
Fighting       | 4 |  4.2

Action                   |  1- 3 |  4- 6 || total
-------------------------+-------+-------++-------
Melee: War axe           |    82 |    48 ||   130
       Headbutt          |     5 |     8 ||    13
  Eat: Chunk             |     1 |     4 ||     5
Armor: Chain mail        |    44 |    29 ||    73
       Scale mail        |     3 |       ||     3
Dodge: Dodged            |    24 |    18 ||    42
Block: Kite shield       |    59 |    36 ||    95

Table legend:
 A = Non-vault XP
 B = Vault XP
 C = Vault XP percentage of total XP
 D = Non-vault monster count
 E = Vault monster count
 F = Vault count percentage of total count
                 A         B        C        D         E       F
            +---------+---------+-------+---------+---------+-------
      Total |      82 |     106 |  56.4 |      38 |      12 |  24.0
            +---------+---------+-------+---------+---------+-------
        D:1 |      26 |       0 |   0.0 |      16 |       0 |   0.0
        D:2 |      46 |      42 |  47.7 |      17 |       4 |  19.0
        D:3 |      10 |      64 |  86.5 |       5 |       8 |  61.5
            +---------+---------+-------+---------+---------+-------
